 Dungeon Crawl Stone Soup version 0.18-a0-1637-g109f206 (webtiles) character file.

28 Duffy the Chopper (level 3, -2/27 HPs)
             Began as a Formicid Gladiator on Mar 26, 2016.
             Slain by a giant gecko (5 damage)
             ... on level 1 of the Dungeon.
             The game lasted 00:00:40 (907 turns).

Duffy the Chopper (Formicid Gladiator)               Turns: 907, Time: 00:00:40

Health: -2/27      AC:  3    Str: 19    XL:     3   Next: 27%
Magic:  3/3        EV: 12    Int:  7    God:
Gold:   0          SH:  0    Dex: 12    Spells: 0 memorised, 2 levels left

rFire  . . .     SeeInvis +     a - +0 war axe
rCold  . . .     Gourm    .     b - +0 leather armour
rNeg   + . .     Faith    .     (no shield)
rPois  .         Spirit   .     (helmet unavailable)
rElec  .         Dismiss  .     (no cloak)
rCorr  .         Reflect  .     (no gloves)
SustAt .         Harm     .     (no boots)
MR     .....                    (no amulet)
Stlth  +.........               (no ring)
                                f - ring of positive energy

@: not resistant to hostile enchantments, very unstealthy
A: permanent stasis, dig shafts and tunnels, four strong arms, antennae 3
a: Dig, Shaft Self


You were on level 1 of the Dungeon.
You were not hungry.

You visited 1 branch of the dungeon, and saw 1 of its levels.


Innate Abilities, Weirdness & Mutations

You are under a permanent stasis effect.
You can dig through walls and to a lower floor.
Your four strong arms can wield two-handed weapons with a shield.
You have a pair of large antennae on your head (SInv).


   Skills:
 - Level 2.1 Fighting
 + Level 4.2 Axes
 - Level 2.0 Throwing
 - Level 2.6 Dodging


You had 2 spell levels left.
You didn't know any spells.

Inventory:

Hand Weapons
 a - a +0 war axe (weapon)
Missiles
 c - 3 throwing nets (quivered)
Armour
 b - a +0 leather armour (worn)
Jewellery
 f - a ring of positive energy (left hand)
Scrolls
 e - a scroll of noise {unknown}
 g - a scroll of identify {unknown}
Potions
 h - a potion of lignification {unknown}
Comestibles
 d - 2 bread rations

Dungeon Overview and Level Annotations

Branches:
Dungeon (1/15)

Altars:


Message History

No target in view!
No target in view!
No target in view!
No target in view!
No target in view!
No target in view!
No target in view!
No target in view!
No target in view!
h - a silvery potion
Found a stone staircase leading down.
Things that are here:
a club; a stone A giant gecko comes into view.
A giant gecko is nearby!
The giant gecko bites you.
You closely miss the giant gecko. The giant gecko bites you. x2
You barely miss the giant gecko. The giant gecko barely misses you.
You barely miss the giant gecko. The giant gecko bites you. x2
You hit the giant gecko but do no damage.
The giant gecko bites you.
The giant gecko bites you but does no damage.
You are too injured to fight recklessly!
You are too injured to fight recklessly!
You are too injured to fight recklessly!
You are too injured to fight recklessly!
You are too injured to fight recklessly!
You are too injured to fight recklessly!
You are too injured to fight recklessly!
A giant gecko is nearby!
You miss the giant gecko. The giant gecko bites you.
You closely miss the giant gecko. The giant gecko bites you.
The giant gecko closely misses you.
You closely miss the giant gecko. The giant gecko bites you.
You die...

#.........# #.........#
####.........#
.............#
##.........##
##.........#
#......>..%#####
#####.........%.((..
#.l@..........)...(.
#......>......#.....
...'.###.........#.####
....## ##..........####
### ##.............
######..#.#...
....#.#(.. ###########
....#.#...
#.........#####
##..#.#...


You could see a giant gecko.

Action                   || total
-------------------------++-------
Melee: War axe           ||    63

Notes
Turn   | Place    | Note
--------------------------------------------------------------
     0 | D:1      | Duffy the Formicid Gladiator began the quest for the Orb.
     0 | D:1      | Reached XP level 1. HP: 16/16 MP: 1/1
    88 | D:1      | Reached XP level 2. HP: 4/22 MP: 2/2
   620 | D:1      | Reached skill level 4 in Axes
   620 | D:1      | Reached XP level 3. HP: 22/27 MP: 3/3
   907 | D:1      | Slain by a giant gecko

Vault maps used:
D:1:      scummos_arrival_simple_fountains, serial_bayou_pond_a, nrook_uturn,
          st_stairs_3, grunt_decor_fettered

Vanquished Creatures
  An ooze
  3 bats
  2 giant cockroaches
  5 goblins
  3 hobgoblins
  5 kobolds
  2 rats
21 creatures vanquished.
